 Dungeon Crawl Stone Soup version 0.17-a0-18-gc25b939 (webtiles) character file.

17 Herrn the Firebug (level 2, -9/17 HPs)
             Began as a Gargoyle Fire Elementalist on Mar 7, 2015.
             Mangled by a gnoll
             ... wielding a +0 halberd
              (12 damage)
             ... on level 1 of the Dungeon.
             The game lasted 00:03:05 (1343 turns).

Herrn the Firebug (Gargoyle Fire Elementalist)      Turns: 1343, Time: 00:03:05

Health: -9/17      AC:  4    Str: 11    XL:     2   Next: 62%
Magic:  1/4        EV: 12    Int: 15    God:
Gold:   18         SH:  0    Dex: 10    Spells: 1 memorised, 4 levels left

rFire  . . .     SeeInvis .     h - +3 dagger (speed)
rCold  . . .     Clarity  .     a - +0 robe
rNeg   + . .     SustAb   .     (no shield)
rPois  ∞         Gourm    .     (no helmet)
rElec  +         Spirit   .     (no cloak)
rCorr  .         Warding  .     (no gloves)
rMut   .         Stasis   .     (no boots)
MR     .....                    (no amulet)
Stlth  ++........               (no ring)
                                (no ring)

@: not resistant to hostile enchantments, unstealthy
A: negative energy resistance 1, electricity resistance, unbreathing,
petrification resistance, rot immunity, AC +2
a: no special abilities


You were on level 1 of the Dungeon.
You were hungry.

You visited 1 branch of the dungeon, and saw 1 of its levels.

You collected 18 gold pieces.

Inventory:

Hand weapons
 g - a +0 dagger
 h - a +3 dagger of speed (weapon)
Armour
 a - a +0 robe (worn)
Jewellery
 i - a +6 ring of strength {unknown}
Scrolls
 d - 2 scrolls of teleportation {unknown}
 f - a scroll of random uselessness {unknown}
 j - a scroll of immolation {unknown}
Potions
 e - a potion of lignification {unknown}
 k - a potion of heal wounds {unknown}
Books
 b - a book of Flames

   Spells                             Type                      Level
   a - Flame Tongue                   Conjuration/Fire             1
   b - Throw Flame                    Conjuration/Fire             2
   c - Conjure Flame                  Conjuration/Fire             3
   d - Inner Flame                    Hexes/Fire                   3
   e - Sticky Flame                   Conjuration/Fire             4
   f - Fireball                       Conjuration/Fire             5
Comestibles
 c - 2 bread rations


   Skills:
 * Level 1.8 Fighting
 + Level 1.9 Dodging
 - Level 2.1 Stealth
 - Level 2.0 Spellcasting
 + Level 1.2 Conjurations
 - Level 3.0 Fire Magic


You had 4 spell levels left.
You knew the following spells:

 Your Spells              Type           Power        Failure   Level  Hunger
a - Flame Tongue          Conj/Fire      #....        12%         1    #......


Dungeon Overview and Level Annotations

Branches:
Dungeon (1/15)

Altars:
Nemelex Xobeh


Innate Abilities, Weirdness & Mutations

You are resistant to torment.
You are immune to poison.
Your stone body is very resilient (AC +2).
You resist negative energy.
You are resistant to electric shocks.
You can survive without breathing.
You are immune to petrification.
You are immune to rotting.


Message History

The gnoll is moderately wounded.
The gnoll hits you from afar with a halberd!
Ouch! That really hurt!
* * * LOW HITPOINT WARNING * * *
Casting: Flame Tongue
Confirm with . or Enter, or press ? or * to list all spells.
Aiming: Flame Tongue
Press: ? - help, Shift-Dir - straight line, f/p - gnoll
Aim: a gnoll, wielding a halberd (moderately wounded)
The flame tongue hits the gnoll.
The gnoll is heavily wounded.
Casting: Flame Tongue
Confirm with . or Enter, or press ? or * to list all spells.
Aiming: Flame Tongue
Press: ? - help, Shift-Dir - straight line, f/p - gnoll
Aim: a gnoll, wielding a halberd (heavily wounded)
The flame tongue misses the gnoll.
The gnoll hits you from afar with a halberd!
Ouch! That really hurt!
You die...

#.#.#.......
##...........
#............
##.#.#.......
#.#.#######.
##########.........#.
#............#####.#.
####.#####.......#.#.
#@# #.......#.#. #.#
#.#######.#. #g# #
#.........#. #....
........#.#. .$...
..........#. ...#.
..........#.
...#.########.#...
#...#..............
...#.###.####.#.#.


You could see a gnoll.

Vanquished Creatures
  An ooze (D:1)
  A bat (D:1)
  5 goblins (D:1)
  2 hobgoblins (D:1)
  A giant newt (D:1)
  2 kobolds (D:1)
  3 rats (D:1)
15 creatures vanquished.

Vanquished Creatures (others)
  A hobgoblin (D:1)
1 creature vanquished.

Grand Total: 16 creatures vanquished

Notes
Turn   | Place    | Note
--------------------------------------------------------------
     0 | D:1      | Herrn, the Gargoyle Fire Elementalist, began the quest for the Orb.
     0 | D:1      | Reached XP level 1. HP: 10/10 MP: 3/3
    12 | D:1      | Noticed an electric eel
   572 | D:1      | Found a sparkling altar of Nemelex Xobeh.
   663 | D:1      | Reached XP level 2. HP: 16/16 MP: 0/4
   735 | D:1      | Reached skill level 1 in Fighting
  1343 | D:1      | Mangled by a gnoll

Action                   || total
-------------------------++-------
Melee: Unarmed           ||    21
       Dagger            ||    16
 Cast: Flame Tongue      ||    30
  Eat: Chunk             ||     1
